 Dungeon Crawl Stone Soup version 0.29.1-1-gd02db6906a (webtiles) character file.

Game seed: 6744678842562969144

66 Kahsius the Chopper (level 4, -3/41 HPs)
             Began as a Hill Orc Monk on Sept 21, 2022.
             Slain by a gnoll
             ... wielding a +0 flail
              (9 damage)
             ... on level 3 of the Dungeon.
             The game lasted 00:02:59 (2616 turns).

Kahsius the Chopper (Hill Orc Monk)                 Turns: 2616, Time: 00:02:59

Health: -3/41      AC:  6    Str: 15    XL:     4   Next: 15%
Magic:  4/4        EV: 11    Int: 10    God:
Gold:   83         SH:  0    Dex: 13    Spells: 3/3 levels left

rFire   . . .      SeeInvis .   a - +0 hand axe
rCold   . . .      Faith    .   (no shield)
rNeg    . . .      Spirit   .   e - +0 ring mail
rPois   .          Reflect  .   (no helmet)
rElec   .          Harm     .   (no cloak)
rCorr   .          Rampage  .   (no gloves)
Will    .....                   o - +0 pair of boots
Stlth   +.........              d - amulet of the acrobat
HPRegen 0.13/turn               f - ring of wizardry
MPRegen 0.09/turn               (no ring)

@: no status effects
A: no striking features
a: no special abilities


You were on level 3 of the Dungeon.
You visited 1 branch of the dungeon, and saw 3 of its levels.

You collected 83 gold pieces.

Inventory:

Hand Weapons
 a - a +0 hand axe (weapon)
Armour
 b - a +0 robe
 e - a +0 ring mail (worn)
 o - a +0 pair of boots (worn)
Jewellery
 d - an amulet of the acrobat (around neck)
 f - a ring of wizardry (left hand)
Scrolls
 g - a scroll of torment {unknown}
 h - a scroll of brand weapon {unknown}
 j - 4 scrolls of poison {unknown}
 k - a scroll of teleportation {unknown}
 m - 2 scrolls of noise {unknown}
 n - a scroll of amnesia {unknown}
 p - a scroll of magic mapping {unknown}
 q - a scroll of immolation {unknown}
 s - a scroll of fear {unknown}
Potions
 c - a potion of ambrosia
 i - a potion of heal wounds {unknown}
 l - a potion of curing {unknown}
 r - a potion of degeneration {unknown}


   Skills:
 + Level 4.9 Fighting
 + Level 5.4 Axes
 - Level 2.4 Dodging
 - Level 1.5 Stealth


You had 3 spell levels left.
You didn't know any spells.
Your spell library contained the following spells:

 Spells                   Type           Power      Damage    Failure   Level
 Apportation              Tloc           0%         N/A       28%         1
 Gell's Gravitas          Tloc           0%         N/A       63%         3
 Ignite Poison            Fire/Tmut/Pois 0%         N/A       63%         3
 Mephitic Cloud           Conj/Pois/Air  0%         N/A       63%         3
 Teleport Other           Tloc           0%         N/A       63%         3
 Summon Ice Beast         Ice/Summ       0%         N/A       95%         4
 Alistair's Intoxication  Tmut/Pois      0%         N/A       100%        5
 Freezing Cloud           Conj/Ice/Air   0%         6-21      100%        5
 Summon Mana Viper        Hex/Summ       0%         N/A       100%        5
 Dispersal                Tloc           0%         N/A       100%        6
 Monstrous Menagerie      Summ           0%         N/A       100%        7


Dungeon Overview and Level Annotations

Branches:
Dungeon (3/15)

Altars:


Message History

The quokka barely misses you.
You completely miss the quokka.
The quokka is almost dead.
The quokka misses you.
You hit the quokka.
You kill the quokka!
HP restored.
q - a scroll labelled PEPSITZ MAUSCH
r - a puce potion
s - a scroll labelled RUS NIAXKILI You now have 83 gold pieces (gained 18).
j - 4 scrolls labelled OVEEQ EPLOCE (gained 1)
A gnoll comes into view. It is wielding a +3 spear.
The gnoll shouts!
You hear a shout! x2
A gnoll is nearby!
A goblin and a gnoll come into view.
Found a club and a brown potion.
The goblin shouts!
A gnoll comes into view. It is wielding a +0 flail.
The goblin shoots a sling bullet.
The sling bullet hits you but does no damage.
The goblin shoots a sling bullet.
The sling bullet barely misses you.
The goblin shoots a sling bullet.
The sling bullet completely misses you.
The goblin shoots a sling bullet.
The sling bullet barely misses you.
The gnoll hits you from afar with a +3 spear.
You hit the gnoll but do no damage. The gnoll closely misses you.
You hit the gnoll.
The gnoll is lightly wounded.
The gnoll hits you from afar with a +3 spear!
The gnoll hits you but does no damage.
You closely miss the gnoll.
The gnoll is lightly wounded.
The gnoll hits you from afar with a +3 spear.
The gnoll hits you with a +0 flail!
You barely miss the gnoll.
The gnoll is lightly wounded.
The gnoll hits you from afar with a +3 spear!
* * * LOW HITPOINT WARNING * * *
The gnoll hits you with a +0 flail!
You die...

#..g.....#######.......
####..............#
..........._...##......
#...#..#.###...## #####
#...#..#......>.#
#...#..#......#.###
.............##...#
.............gg##.##
#......#...#.#gg@..### ###
#......#.).#.#####...####.+
#..†...#.....# ##....##.#
.............# ##......#
....##....#### ###†...#
###......... ###..+
####....#.# #..# ###### <
##.# ###..#


You could see 3 gnolls and a goblin.

Vanquished Creatures
  2 adders
  A worm (D:2)
  A dart slug (D:3)
  5 ball pythons
  5 endoplasms
  A giant cockroach (D:2)
  3 goblins (D:1)
  A hobgoblin (D:1)
  5 jackals (D:1)
  3 quokkas
  4 bats
  3 frilled lizards
  2 kobolds (D:2)
  6 rats
42 creatures vanquished.

Vanquished Creatures (others)
  4 plants (D:2)
4 creatures vanquished.

Grand Total: 46 creatures vanquished

Notes
Turn   | Place    | Note
-------+----------+-------------------------------------------
     0 | D:1      | Kahsius the Hill Orc Monk began the quest for the Orb.
     0 | D:1      | Reached XP level 1. HP: 19/19 MP: 1/1
   393 | D:1      | Reached XP level 2. HP: 27/27 MP: 2/2
  1365 | D:2      | Reached XP level 3. HP: 28/34 MP: 3/3
  1859 | D:2      | Reached skill level 5 in Axes
  2501 | D:3      | Found a faded altar of an unknown god.
  2518 | D:3      | Reached XP level 4. HP: 41/41 MP: 4/4
  2616 | D:3      | Slain by a gnoll

Illustrated notes

Levels and vault maps discovered:
D:1:      evilmike_arrival_rings, layout_loops_corners
D:2:      layout_loops_corners, serial_forest, infiniplex_forest_lined_room_3,
          infiniplex_forest_lined_4_way, infiniplex_forest_straight_3,
          infiniplex_forest_clump_double
D:3:      layout_rooms, mainiacjoe_overflow_24_doors,
          hellmonk_ecumenical_altar_lost_god

Skill      XL: |  1  2  3 |
---------------+----------+-----
Fighting       | 4 |  4.9
Axes           | 5 |  5.4
Dodging        | |  2.4
Stealth        | |  1.5

Action                   |  1- 3 |  4- 6 || total
-------------------------+-------+-------++-------
Melee: Hand axe          |   124 |    14 ||   138
       Punch             |     1 |       ||     1
 Stab: Distracted        |     1 |       ||     1
Armor: Ring mail         |    53 |     2 ||    55
       Robe              |     2 |       ||     2
Dodge: Dodged            |    76 |    14 ||    90
